 Dungeon Crawl Stone Soup version 0.28.0 (webtiles) character file.

Game seed: 17582942549881805614

1650 Armakuni the Twirler (level 9, -1/47 HPs)
             Began as a Vine Stalker Gladiator on Feb 13, 2022.
             Was an Initiate of the Shining One.
             Engulfed by a steam dragon's steam (8 damage)
             ... on level 6 of the Dungeon.
             The game lasted 00:15:17 (5701 turns).

Armakuni the Twirler (Vine Stalker Gladiator)       Turns: 5701, Time: 00:15:17

Health: -1/47      AC:  8    Str: 17    XL:     9   Next: 0%
Magic:  0/10       EV: 11    Int: 12    God:    the Shining One [......]
Gold:   267        SH:  0    Dex: 16    Spells: 8/8 levels left

rFire   . . .      SeeInvis .   b - +1 quarterstaff
rCold   . . .      Faith    .   (shield currently unavailable)
rNeg    . . .      Spirit   +   f - +0 ring mail
rPois   .          Reflect  .   c - +0 helmet
rElec   .          Harm     .   t - +0 cloak
rCorr   +          Rampage  .   (no gloves)
Will    +....                   o - +0 pair of boots
Stlth   +.........              (no amulet)
HPRegen 0.95/turn               W - ring of wizardry
MPRegen 0.12/turn               K - ring of resist corrosion

@: glowing
A: fangs 3, regeneration 1, magic shield, antimagic bite, no potion heal 2
a: Renounce Religion


You were on level 6 of the Dungeon.
You worshipped the Shining One.
The Shining One was noncommittal.
You visited 2 branches of the dungeon, and saw 8 of its levels.
You also visited: Sewer.

You collected 267 gold pieces.

Inventory:

Hand Weapons
 b - a +1 quarterstaff (weapon)
Missiles
 s - 8 boomerangs (quivered)
Armour
 c - a +0 helmet (worn)
 f - a +0 ring mail (worn)
 o - a +0 pair of boots (worn)
 p - a scarf of shadows
 t - a +0 cloak (worn)
 u - a +0 buckler
Magical Staves
 a - a staff of fire
Jewellery
 K - a ring of resist corrosion (right hand)
 W - a ring of wizardry (left hand)
Scrolls
 g - a scroll of teleportation
 h - 6 scrolls of noise
 q - a scroll of fog
Potions
 d - a potion of lignification
 e - a potion of cancellation
 i - 2 potions of heal wounds
 j - a potion of haste
 k - a potion of curing {unknown}
 l - a potion of mutation {unknown}
 m - 6 potions of flight
 n - a potion of invisibility {unknown}


   Skills:
 - Level 5.0 Fighting
 + Level 5.6 Staves
 - Level 1.7 Throwing
 - Level 2.4 Dodging
 - Level 5.0 Fire Magic
 + Level 5.6 Evocations


You had 8 spell levels left.
You didn't know any spells.
Your spell library contained the following spells:

 Spells                   Type           Power      Damage    Failure   Level
 Sandblast                Erth           0%         2d4       24%         1
 Passwall                 Tmut/Erth      0%         N/A       34%         2
 Stone Arrow              Conj/Erth      0%         3d7       56%         3
 Tukima's Dance           Hex            0%         N/A       56%         3
 Anguish                  Hex/Necr       0%         N/A       91%         4
 Enfeeble                 Hex            0%         N/A       100%        7


Dungeon Overview and Level Annotations

Branches:
Dungeon (7/15)             Temple (1/1) D:6           Sewer (visited)

Altars:
Ashenzari
Cheibriados
Dithmenos
Elyvilon
Fedhas
Gozag
Hepliaklqana
Kikubaaqudgha
Makhleb
Nemelex Xobeh
Okawaru
Qazlal
Ru
Sif Muna
Trog
Uskayaw
Vehumet
Wu Jian
Yredelemnul
Zin
The Shining One

Shops:
D:1 =   D:6 =


Innate Abilities, Weirdness & Mutations

You have razor-sharp teeth.
Your natural rate of healing is unusually fast.
When hurt, damage is shared between your health and your magic reserves.
Your bite disrupts and absorbs the magic of your enemies.
Potions cannot restore your health.


Message History

You kill the orc priest!
The Shining One accepts your kill.
The steam dragon bites you but does no damage.
The steam dragon claws you.
You have reached level 9!
Your experience leads to an increase in your attributes!
Increase (S)trength, (I)ntelligence, or (D)exterity?
You feel clever. x2
You hit the steam dragon.
You bite the steam dragon, but do no damage.
The steam dragon is lightly wounded.
The steam dragon breathes steam at you. The ball of steam hits you.
You hit the steam dragon but do no damage.
You bite the steam dragon, but do no damage.
The steam dragon is lightly wounded.
You are engulfed in a cloud of scalding steam.
The steam dragon misses you. The steam dragon closely misses you.
You hit the steam dragon but do no damage.
The steam dragon is lightly wounded.
The steam dragon bites you!
* * * LOW HITPOINT WARNING * * *
The steam dragon claws you but does no damage.
You hit the steam dragon.
The steam dragon is lightly wounded.
The steam dragon breathes steam at you. The ball of steam hits you!
* * * LOW HITPOINT WARNING * * *
Okay, then.
Okay, then.
Unknown command.
You aren't carrying any items that you can evoke.
Unknown command.
Throw: throwing net
Press: ? - help, Q - select action, (/) - cycle Shift-Dir - straight line, f - steam dragon
Aim: a steam dragon (lightly wounded, catching its breath, 62% to hit)
You throw a throwing net.
The throwing net closely misses the steam dragon.
You are engulfed in a cloud of scalding steam.
You die...

### ##### ########.#
....# #........# ###.#
#########.######.# ....#
#.........# #.#
##..####.######### #.#
.#..............§######.#
......#...######§.......#
......+.........@########
......#...######D#
#.....#...# #.#
......#...# #.#
......#...######.#
+#..........(...(#
....#.#.##########
..<..............#
....#..#########.#


You could see a steam dragon (catching breath).

Vanquished Creatures
  An ice beast (D:6)
  A black bear (D:5)
  A sky beast (D:5)
  A necrophage (D:5)
  4 ogres
  2 bullfrogs (D:6)
  3 scorpions
  A water moccasin skeleton (D:4)
  3 orc priests
  2 hounds
  A jelly (D:5)
  Jessica (D:3)
  A scorpion zombie (D:5)
  An iguana (D:4)
  2 orc wizards (D:6)
  4 gnolls (D:2)
  5 river rats (Sewer)
  8 adders
  A shadow imp (D:5)
  4 dart slugs
  6 worms
  11 orcs
  11 ball pythons
  16 bats
  9 endoplasms
  3 giant cockroaches
  11 goblins
  6 hobgoblins
  5 jackals
  6 kobolds
  10 quokkas
  4 frilled lizards
  5 rats
150 creatures vanquished.

Vanquished Creatures (others)
  A ball python (D:4)
1 creature vanquished.

Grand Total: 151 creatures vanquished

Notes
Turn   | Place    | Note
-------+----------+-------------------------------------------
     0 | D:1      | Armakuni the Vine Stalker Gladiator began the quest for the
                  | Orb.
     0 | D:1      | Reached XP level 1. HP: 11/11 MP: 2/2
   235 | D:1      | Reached XP level 2. HP: 13/16 MP: 3/3
   624 | D:1      | Found Firodot's Jewellery Boutique.
   649 | D:1      | Found a faded altar of an unknown god.
   658 | D:1      | Reached XP level 3. HP: 18/20 MP: 2/4
  1284 | D:2      | Gained mutation: Your natural rate of healing is unusually
                  | fast. [Vine Stalker growth]
  1284 | D:2      | Reached XP level 4. HP: 10/24 MP: 2/5
  1785 | D:3      | Reached XP level 5. HP: 29/29 MP: 6/6
  2116 | D:3      | Noticed Jessica
  2123 | D:3      | Killed Jessica
  2174 | D:4      | Noticed an ogre
  2336 | D:4      | Reached XP level 6. HP: 12/34 MP: 7/7
  2361 | D:4      | Found a glowing drain.
  2370 | Sewer    | Entered a sewer
  2997 | D:4      | Reached skill level 5 in Fighting
  2997 | D:4      | Reached skill level 5 in Staves
  2997 | D:4      | Reached XP level 7. HP: 14/39 MP: 8/8
  3153 | D:4      | Reached skill level 1 in Fire Magic
  3153 | D:4      | Reached skill level 1 in Evocations
  3451 | D:5      | Entered Level 5 of the Dungeon
  3872 | D:5      | Gained mutation: You have razor-sharp teeth. [Vine Stalker
                  | growth]
  3872 | D:5      | Reached XP level 8. HP: 29/43 MP: 6/9
  4538 | D:6      | Found Ixti's Jewellery Shoppe.
  4590 | D:6      | Reached skill level 5 in Fire Magic
  4600 | D:6      | Reached skill level 5 in Evocations
  5263 | D:6      | Found a staircase to the Ecumenical Temple.
  5271 | Temple   | Entered the Ecumenical Temple
  5501 | Temple   | Became a worshipper of the Shining One
  5697 | D:6      | Reached XP level 9. HP: 26/47 MP: 5/10
  5701 | D:6      | Engulfed by a steam dragon's steam

Illustrated notes

Levels and vault maps discovered:
D:1:      beargit_arrival_greenhouse, layout_basic, serial_shops,
          nicolae_shop_hallway_stairs, ebering_ecumenical_altar_ruins,
          st_stairs_12
D:2:      layout_basic, minmay_misc_feat_rugged
D:3:      layout_loops_ring, uniq_jessica
D:4:      layout_rooms, portal_sewer_entry_d
D:5:      layout_basic, kennysheep_generic_room_11
D:6:      layout_basic, minmay_temple_entry_nine_rooms, serial_shops, shop,
          solitary_fountain
D:7:      layout_rooms
Temple:   mainiacjoe_temple_archimedes_tessellation

Skill      XL: |  1  2  3  4  5  6  7  8 |
---------------+-------------------------+-----
Fighting       | 2 3 4 5 |  5.0
Staves         | 3 4 5 |  5.6
Fire Magic     | 3 5 |  5.0
Evocations     | 3 5 |  5.6
Throwing       | |  1.7
Dodging        | |  2.4

Action                   |  1- 3 |  4- 6 |  7- 9 || total
-------------------------+-------+-------+-------++-------
Melee: Quarterstaff      |    69 |   192 |   167 ||   428
       Bite              |     8 |    50 |    52 ||   110
Throw: Throwing net      |     1 |     4 |     2 ||     7
  Use: Scroll            |     1 |     6 |     3 ||    10
       Potion            |     1 |       |     3 ||     4
 Stab: Sleeping          |     4 |       |       ||     4
       Held in net/web   |       |     2 |       ||     2
Armor: Leather armour    |    20 |     1 |       ||    21
       Ring mail         |       |   102 |    59 ||   161
Dodge: Dodged            |    31 |   140 |    80 ||   251
